AoeStats
← tony le gros rou

Black Forest

505671947Analyzed
2v2 RM · 22d ago on Sep 10, 2026· 17m 35s· 4 players
Game mode
Random Map
Map size
Medium (4 player)
Population
200
Speed
Normal
Resources
Standard
Victory
Conquest
Starting age
Dark Age
Ending age
Imperial Age
RankedLock teamsTeams togetherTeam positionsShared explorationLock speedFull tech treeHidden civsTurbo modeCheats
Victory
Defeat
🇫🇷 Saracens · France
1440
+13
🇩🇪 Britons · Germany
1438
+13
🇪🇸 Saracens · Spain
1384
-13
🇩🇪 Dravidians · Germany
1368
-13
ElMeroMero
1:06 Loom
11:46 Feudal Age
12:17 Double-Bit Axe
12:17 Horse Collar
18:42 Castle Age
16:53 Gold Mining
oriolnaudo
7:04 Loom
10:03 Feudal Age
11:21 Double-Bit Axe
16:43 Padded Archer Armor
16:33 Fletching
17:48 Fletching
tony le gros rou
6:05 Loom
11:44 Feudal Age
15:29 Castle Age
15:11 Double-Bit Axe
15:35 Scale Barding Armor
p0n0n0
5:22 Loom
8:24 Feudal Age
9:40 Double-Bit Axe
12:32 Fletching
17:46 Padded Archer Armor
Connection lost

Rejoining the realm…

Still unreachable

The connection could not be restored.

Session expired

The server has moved on; the page needs a fresh start.